Map: World of Sleepers LE

Players

roaster

  • Race: Protoss Protoss
  • League: Platinum
  • Spawn Location: 7:00

pHARM - Winner!

  • Race: Zerg Zerg
  • League: Platinum
  • Spawn Location: 1:00

VOD

Have the link to the VOD?

Description

Time

  • Played on: Oct. 5, 2019, 2:36 p.m.
  • Length: 9:28
Show
View Real Time Build Order
Export as new Build Order

roaster Protoss 

Build Orders:  

Get SALT Encoding   

  12  0:02  Probe  
  13  0:14  Probe  
  14  0:25  Pylon  
  14  0:26  Probe  
  15  0:43  Probe  
  15  0:45  Gateway  
  16  0:55  Gateway  
  16  1:04  Assimilator  
  16  1:05  Probe  
  17  1:18  Probe  
  18  1:24  Pylon  
  18  1:36  Cybernetics Core, Zealot  
  20  1:44  Assimilator  
  20  1:45  Probe  
  21  1:54  Zealot  
  21  1:57  Probe  
  24  2:09  Probe  
  25  2:16  Twilight Council  
  25  2:17  Warp Gate (Chrono Boost)  
  25  2:22  Probe  
  26  2:34  Probe  
  27  2:46  Probe  
  27  2:49  Pylon  
  28  2:55  Charge (Chrono Boost)  
  28  2:58  Probe  
  29  3:14  Zealot  
  33  3:27  Gateway  
  33  3:32  Gateway  
  33  3:34  Pylon  
  31  4:01  Pylon  
  31  4:05  Pylon  
  31  4:06  Pylon  
  31  4:25  Zealot x3  
  31  4:29  Zealot  
  37  4:49  Zealot x4  
  41  5:11  Zealot x3  
  41  5:12  Zealot  
  49  5:35  Gateway  
  49  5:45  Zealot  
  49  5:46  Zealot x2  
  49  6:07  Zealot x3  
  49  6:08  Zealot  
  33  6:26  Dark Shrine  
  33  6:32  Zealot x2  
  35  6:33  Zealot x3  
  35  6:34  Pylon  
  35  6:59  Shield Battery x2  
  35  7:07  Stalker x3  
  37  7:08  Stalker  
  33  7:21  Zealot  
  29  7:32  Stalker x2  
  29  7:57  Dark Templar x2  
  20  8:12  Pylon  
  6  8:20  Pylon  
  5  8:30  Dark Templar  
Show
View Real Time Build Order
Export as new Build Order

pHARM Zerg - Winner!

Build Orders: Hatch First 

Get SALT Encoding   

  12  0:01  Drone  
  13  0:16  Overlord  
  13  0:17  Drone  
  14  0:34  Drone x2  
  16  0:50  Hatchery  
  15  1:00  Drone x2  
  17  1:16  Spawning Pool, Drone  
  17  1:18  Drone  
  18  1:30  Drone  
  19  1:37  Drone  
  20  1:45  Overlord  
  20  2:02  Queen x2  
  20  2:04  Drone  
  20  2:05  Drone x2  
  27  2:21  Drone, Hatchery  
  28  2:22  Drone  
  28  2:25  Zergling x2  
  28  2:29  Drone  
  30  2:45  Queen  
  30  2:47  Drone  
  30  2:48  Drone x3  
  36  3:10  Overlord x3  
  36  3:22  Extractor  
  36  3:24  Extractor  
  36  3:25  Extractor  
  33  3:35  Queen  
  35  3:49  Roach Warren  
  34  4:01  Queen  
  36  4:31  Roach x13  
  54  5:04  Drone x5  
  54  5:05  Drone x5  
  64  5:09  Overlord  
  64  5:11  Lair  
  64  5:14  Overlord x2  
  57  5:58  Roach x13  
  62  6:47  Drone x7  
  62  6:48  Drone x3  
  62  6:49  Queen x2  
  74  7:18  Drone  
  74  7:19  Drone x5  
  76  7:34  Drone x4  
  76  7:35  Drone x2, Queen x2  
  80  7:53  Overseer  
  66  8:21  Spine Crawler  
  61  8:29  Spore Crawler  
  61  8:32  Spore Crawler, Spine Crawler  
  61  8:33  Drone  
  61  8:34  Drone x11  
  56  8:39  Spore Crawler, Spine Crawler  
  56  9:07  Hydralisk Den  
Tags
 
Add a new tag
Caveats
  • Supply blocks, unpowered buildings, or Contaminate may cause inaccurate times.
  • Supply counts are checked every 10 seconds.